 Dungeon Crawl Stone Soup version 0.28.0-62-gf88900778d (webtiles) character file.

Game seed: 17903282198827241330

32608 cbfl8 the Severer (level 13, -3/108 HPs)
             Began as a Minotaur Fighter on June 30, 2023.
             Was the Champion of Okawaru.
             Slain by an efreet
             ... wielding a +3 scimitar of flaming
              (4 damage)
             ... while petrified by a catoblepas
             ... on level 14 of the Dungeon.
             The game lasted 00:17:03 (15499 turns).

cbfl8 the Severer (Minotaur Fighter)               Turns: 15499, Time: 00:17:03

Health: -3/108     AC: 32    Str: 33    XL:     13   Next: 32%
Magic:  17/17      EV:  2    Int:  5    God:    Okawaru [******]
Gold:   1133       SH:  0    Dex: 19    Spells: 12/12 levels left

rFire   . . .      SeeInvis .   d - +12 war axe "Newtbane" {vamp, Contam rC- rCorr Str+7}
rCold   x . .      Faith    +   c - +0 buckler
rNeg    + + +      Spirit   .   V - +9 crystal plate armour of the Flute {Harm +Blink}
rPois   ∞          Reflect  .   Q - +1 hat
rElec   .          Harm     +   R - +1 cloak
rCorr   +          Rampage  .   F - +1 pair of gloves of the Morning Star {Will+ Str+3}
Will    +....                   t - +0 pair of boots
Stlth   ..........              b - amulet of faith
HPRegen 0.28/turn               J - +6 ring of dexterity
MPRegen 0.15/turn               a - +4 ring of evasion

@: petrified, corroded, studying Evocations
A: horns 2, retaliatory headbutt
a: Renounce Religion, Evoke Blink, Heroism, Finesse, Duel


You were on level 14 of the Dungeon.
You worshipped Okawaru.
Okawaru was exalted by your worship.
You visited 2 branches of the dungeon, and saw 15 of its levels.
You also visited: Sewer and Bailey.

You collected 1133 gold pieces.

Inventory:

Hand Weapons
 d - the +12 war axe "Newtbane" (weapon) {vamp, Contam rC- rCorr Str+7}
   (You found it on level 3 of the Dungeon)

   It occasionally heals its wielder for a portion of the damage dealt when it
   wounds a living foe.
   Str:       It affects your strength (+7).
   rC:        It makes you vulnerable to cold.
   Contam:    It causes magical contamination when unequipped.
   rCorr:     It protects you from acid and corrosion.
 C - a +0 broad axe
Armour
 c - a +0 buckler (worn)
 t - a +0 pair of boots (worn)
 F - the +1 pair of gloves of the Morning Star (worn) {Will+ Str+3}
   (You found it on level 7 of the Dungeon)

   Str:       It affects your strength (+3).
   Will:      It increases your willpower.
 Q - a +1 hat (worn)
 R - a +1 cloak (worn)
 V - the +9 crystal plate armour of the Flute (worn) {Harm +Blink}
   (Okawaru gifted it to you on level 12 of the Dungeon)

   +Blink:    It lets you blink.
   Harm:      It increases damage dealt and taken.
Jewellery
 a - a +4 ring of evasion (right hand)
 b - an amulet of faith (around neck)
 x - a ring of protection from cold
 y - a ring of flight
 J - a +6 ring of dexterity (left hand)
Wands
 f - a wand of flame (10) (quivered)
 z - a wand of acid (11)
 N - a wand of polymorph (6)
Scrolls
 g - 3 scrolls of fear
 h - 5 scrolls of teleportation
 i - 3 scrolls of enchant weapon
 j - 3 scrolls of enchant armour
 m - 5 scrolls of fog
 q - 2 scrolls of immolation {unknown}
 v - 2 scrolls of amnesia {unknown}
 D - 2 scrolls of holy word
 E - 4 scrolls of magic mapping
 I - 2 scrolls of blinking {unknown}
 P - a scroll of silence
 S - a scroll of noise {unknown}
Potions
 e - 3 potions of invisibility
 k - 2 potions of berserk rage {unknown}
 l - 2 potions of lignification {unknown}
 n - 2 potions of flight {unknown}
 o - 2 potions of degeneration {unknown}
 p - 2 potions of resistance
 r - 4 potions of mutation
 s - a potion of ambrosia
 u - a potion of might
 w - 2 potions of heal wounds {unknown}
 A - 2 potions of brilliance {unknown}
 B - 5 potions of curing {unknown}
 G - 3 potions of haste {unknown}
 H - 2 potions of magic {unknown}
 K - a potion of cancellation {unknown}
 M - a potion of attraction {unknown}
Miscellaneous
 L - a tin of tremorstones (2/2)
 O - a condenser vane


   Skills:
 + Level 8.7 Fighting
 * Level 16.7 Axes
 + Level 9.4 Armour
 * Level 7.9 Dodging
 * Level 6.7 Stealth
 + Level 6.2 Shields
 * Level 7.5 Invocations
 * Level 8.4 Evocations


You had 12 spell levels left.
You didn't know any spells.
Your spell library contained the following spells:

 Spells                   Type           Power      Damage    Failure   Level
 Foxfire                  Conj/Fire      0%         2x1d4     100%        1
 Shock                    Conj/Air       0%         1d3       100%        1
 Conjure Flame            Conj/Fire      0%         6-21      100%        3
 Ignite Poison            Fire/Tmut/Pois 0%         N/A       100%        3
 Inner Flame              Hex/Fire       0%         N/A       100%        3
 Portal Projectile        Hex/Tloc       0%         N/A       100%        3
 Swiftness                Air            0%         N/A       100%        3
 Airstrike                Air            0%         N/A       100%        4
 Flame Wave               Conj/Fire      0%         2d4       100%        4
 Passage of Golubria      Tloc           0%         N/A       100%        4
 Sticky Flame             Conj/Fire      0%         2d3       100%        4
 Blade Hands              Tmut           0%         N/A       100%        5
 Excruciating Wounds      Necr           0%         N/A       100%        5
 Yara's Violent Unravell  Hex/Tmut       0%         3d3       100%        5
 Summon Small Mammal      Summ           Unusable   N/A       N/A         1
 Call Canine Familiar     Summ           Unusable   N/A       N/A         3
 Summon Guardian Golem    Hex/Summ       Unusable   N/A       N/A         3
 Tukima's Dance           Hex            Unusable   N/A       N/A         3

Dungeon Overview and Level Annotations

Branches:
Dungeon (14/15)            Temple (1/1) D:4            Lair (0/6) D:11
    Orc (0/2) D:11          Sewer (visited)          Bailey (visited)
 Vaults: D:13-14

Altars:
Ashenzari
Cheibriados
Dithmenos
Elyvilon
Fedhas
Gozag
Hepliaklqana
Kikubaaqudgha
Makhleb
Nemelex Xobeh
Okawaru
Qazlal
Ru
Sif Muna
Trog
Uskayaw
Vehumet
Wu Jian
Xom
Yredelemnul
Zin
The Shining One

Shops:
D:9 :

Annotations:
D:9 2 transporters, COBRA's ghost, novice HOFi


Innate Abilities, Weirdness & Mutations

You have a pair of horns on your head.
You reflexively headbutt those who attack you in melee.


Message History

You have turned to stone.
You are engulfed in calcifying dust.
The +6 long sword hits you but does no damage.
The efreet completely misses you.
The very large slime creature hits you but does no damage.
You are engulfed in calcifying dust.
The +6 long sword hits you but does no damage.
The efreet hits you with a +3 scimitar of flaming.
The efreet burns you. The +6 long sword hits you!!
The very large slime creature hits you!
You are engulfed in calcifying dust.
The +6 long sword hits you! The efreet hits you but does no damage.
The very large slime creature hits you! The +6 long sword hits you!
* * * LOW HITPOINT WARNING * * *
The efreet hits you with a +3 scimitar of flaming!
* * * LOW HITPOINT WARNING * * *
The efreet burns you.
* * * LOW HITPOINT WARNING * * *
The +6 long sword hits you but does no damage.
The very large slime creature hits you but does no damage.
The +6 long sword hits you but does no damage.
The efreet zaps a wand.
The bolt of acid hits you but does no damage.
The very large slime creature hits you but does no damage.
The +6 long sword hits you but does no damage.
The +6 long sword hits you but does no damage.
The efreet hits you with a +3 scimitar of flaming.
* * * LOW HITPOINT WARNING * * *
The efreet burns you.
A +6 long sword comes into view.
The very large slime creature hits you but does no damage.
The +6 long sword hits you!
* * * LOW HITPOINT WARNING * * *
The efreet hits you but does no damage. The +6 long sword hits you!
* * * LOW HITPOINT WARNING * * *
The very large slime creature hits you.
* * * LOW HITPOINT WARNING * * *
The +6 long sword hits you but does no damage.
The efreet hits you with a +3 scimitar of flaming!
You die...

........# ........#
.......# ......# #....#
##(.c# #$.JR# ##.(@#
.#.#..).#
....[...################
........................
.......##..............#
....... #..............#
$###### #..............#
#..............#
#..............#


You could see a very large slime creature, a centaur warrior, an efreet and 2
dancing weapons.

Vanquished Creatures
  An orc warlord (Bailey)
  A boulder beetle (D:12)
  Fannar (D:12)
  Erolcha (D:11)
  2 catoblepae
  3 centaur warriors
  An ogre mage (D:10)
  10 two-headed ogres
  4 orc knights
  2 deep elf pyromancers (D:12)
  3 cyclopes
  A manticore (D:13)
  Maurice (D:11)
  An ice statue (D:10)
  A freezing wraith (D:14)
  A kobold demonologist (D:10)
  Psyche (D:8)
  An unseen horror (D:11)
  A komodo dragon (D:6)
  2 trolls
  3 meliai (D:13)
  A hornet (D:9)
  16 slime creatures
  3 wraiths
  A wyvern (D:11)
  Sigmund (D:2)
  12 yaks
  A shadow (D:11)
  A basilisk (D:13)
  A steam dragon (D:8)
  An acid dragon (D:8)
  2 water moccasins (D:8)
  14 orc warriors
  A sky beast (D:7)
  A tengu (shapeshifter) (D:13)
  2 ogres
  16 centaurs
  10 kobold brigands
  2 bullfrogs
  2 gnoll sergeants
  5 scorpions
  2 wyvern zombies
  2 wyvern skeletons
  5 killer bees (D:8)
  15 wights
  2 electric eels (D:9)
  A howler monkey (D:8)
  A bullfrog zombie (D:5)
  5 centaur zombies
  A bullfrog skeleton (D:6)
  2 hounds
  A jelly (D:5)
  7 orc priests
  A gnoll shaman (D:6)
  3 iron imps (D:3)
  2 iguanas (D:6)
  9 orc wizards
  A killer bee zombie (D:8)
  2 hound skeletons (D:4)
  A howler monkey zombie (D:5)
  21 gnolls
  11 adders
  3 river rats (Sewer)
  2 shadow imps (D:10)
  A white imp (D:8)
  An adder skeleton (D:5)
  4 dart slugs
  53 orcs
  6 ball pythons
  3 bats
  7 endoplasms
  4 giant cockroaches
  23 goblins
  16 hobgoblins
  17 jackals
  5 quokkas
  10 frilled lizards
  26 kobolds
  12 kobold skeletons (D:10)
  6 kobold zombies (D:10)
  7 rats
  A rat zombie (D:3)
437 creatures vanquished.

Notes
Turn   | Place    | Note
-------+----------+-------------------------------------------
     0 | D:1      | cbfl8 the Minotaur Fighter began the quest for the Orb.
     0 | D:1      | Reached XP level 1. HP: 19/19 MP: 0/0
    72 | D:1      | Reached XP level 2. HP: 24/27 MP: 1/1
   678 | D:2      | Reached XP level 3. HP: 30/33 MP: 2/2
   736 | D:2      | Reached skill level 1 in Invocations
  1012 | D:2      | Reached skill level 1 in Dodging
  1258 | D:2      | Reached skill level 3 in Axes
  1472 | D:2      | Noticed Sigmund
  1505 | D:3      | Reached XP level 4. HP: 33/40 MP: 3/3
  1522 | D:3      | Found a glowing drain.
  1525 | D:3      | Noticed a scorpion
  1531 | D:3      | Killed a scorpion
  1532 | D:3      | Reached skill level 4 in Axes
  1532 | D:3      | Reached skill level 1 in Stealth
  1532 | D:3      | Reached skill level 1 in Evocations
  1532 | D:3      | Reached XP level 5. HP: 13/46 MP: 3/5
  1536 | D:3      | Identified the +12 war axe "Newtbane" {vamp, Contam rC-
                  | rCorr Str+7}
  1568 | Sewer    | Entered a sewer
  2030 | D:3      | Reached XP level 6. HP: 48/53 MP: 6/6
  2146 | D:2      | Found a faded altar of an unknown god.
  2237 | D:2      | Killed Sigmund
  2238 | D:2      | Reached skill level 5 in Axes
  2468 | D:3      | Found an ancient bone altar of Kikubaaqudgha.
  2563 | D:3      | Found a burning altar of Makhleb.
  2586 | D:3      | Reached XP level 7. HP: 50/60 MP: 7/7
  2890 | D:4      | Reached skill level 6 in Axes
  3107 | D:4      | Found a snail-covered altar of Cheibriados.
  3192 | D:4      | Found a staircase to the Ecumenical Temple.
  3449 | Temple   | Entered the Ecumenical Temple
  3582 | Temple   | Became a worshipper of Warmaster Okawaru
  3634 | D:5      | Entered Level 5 of the Dungeon
  4127 | D:5      | Found an ornate altar of the Wu Jian Council.
  4288 | D:5      | Reached skill level 7 in Axes
  4516 | D:5      | Reached XP level 8. HP: 67/67 MP: 9/9
  4520 | D:5      | Reached skill level 5 in Fighting
  4745 | D:5      | Reached * piety under Okawaru
  4819 | D:5      | Found a radiant altar of Vehumet.
  5031 | D:6      | Reached skill level 5 in Armour
  5054 | D:6      | Noticed a komodo dragon
  5060 | D:6      | Killed a komodo dragon
  5060 | D:6      | Reached ** piety under Okawaru
  5061 | D:6      | Reached skill level 8 in Axes
  5529 | D:6      | Reached skill level 9 in Axes
  5821 | D:7      | Found a white marble altar of Elyvilon.
  5903 | D:7      | Found a broken altar of Ashenzari.
  5967 | D:7      | Reached XP level 9. HP: 74/74 MP: 10/10
  6338 | D:7      | Found a shimmering altar of Xom.
  6565 | D:7      | Identified the +1 pair of gloves of the Morning Star {Will+
                  | Str+3}
  6601 | D:8      | You are sucked into a shaft and drop 2 floors!
  6601 | D:10     | Entered Level 10 of the Dungeon
  6601 | D:10     | Noticed an ice statue
  6622 | D:9      | Found Wyvoopt's Book Emporium.
  6654 | D:9      | Noticed a cyclops
  6664 | D:9      | Killed a cyclops
  6664 | D:9      | Reached *** piety under Okawaru
  6665 | D:9      | Reached skill level 10 in Axes
  6680 | D:9      | Noticed a troll
  6686 | D:9      | Killed a troll
  6854 | D:8      | Reached **** piety under Okawaru
  6897 | D:8      | Noticed a two-headed ogre
  6901 | D:8      | Reached skill level 11 in Axes
  6909 | D:8      | Killed a two-headed ogre
  6910 | D:8      | Reached XP level 10. HP: 82/83 MP: 9/12
  7095 | D:8      | Found a flagged portal.
  7105 | Bailey   | Entered a bailey
  7181 | Bailey   | Reached ***** piety under Okawaru
  7243 | Bailey   | Noticed an orc knight
  7261 | Bailey   | Killed an orc knight
  7262 | Bailey   | Reached skill level 12 in Axes
  7630 | Bailey   | Noticed an orc knight
  7641 | Bailey   | Killed an orc knight
  7641 | Bailey   | Received a gift from Okawaru
  7642 | Bailey   | Reached skill level 5 in Dodging
  7642 | Bailey   | Reached skill level 5 in Invocations
  7925 | Bailey   | Noticed an orc knight
  7925 | Bailey   | Noticed an orc warlord
  7978 | Bailey   | Killed an orc knight
  8238 | Bailey   | Killed an orc warlord
  8528 | D:8      | Noticed Psyche
  8533 | D:8      | Killed Psyche
  8566 | D:8      | Reached XP level 11. HP: 91/91 MP: 14/14
  8573 | D:8      | Reached skill level 13 in Axes
  8711 | D:8      | Reached skill level 5 in Evocations
  8714 | D:8      | Received a gift from Okawaru
  9284 | D:8      | Acquired a manual of Evocations
  9332 | D:9      | Found a transporter.
  9334 | D:9      | Found a transporter.
  9335 | D:9      | Noticed COBRA's ghost (novice HOFi)
  9337 | D:9      | Noticed a two-headed ogre
  9338 | D:9      | Noticed a two-headed ogre
  9338 | D:9      | Noticed a two-headed ogre
  9517 | D:9      | Found a blossoming altar of Fedhas.
  9586 | D:9      | Found a shadowy altar of Dithmenos.
  9653 | D:9      | Found a hazy altar of Hepliaklqana.
 10146 | D:10     | Reached skill level 5 in Stealth
 10192 | D:10     | Found an ancient bone altar of Kikubaaqudgha.
 10220 | D:10     | Reached skill level 5 in Shields
 10261 | D:10     | Reached ****** piety under Okawaru
 10489 | D:10     | Found a basalt altar of Yredelemnul.
 10586 | D:10     | Found a shimmering blue altar of Sif Muna.
 10857 | D:10     | Reached skill level 14 in Axes
 10859 | D:10     | Noticed a two-headed ogre
 10875 | D:10     | Killed a two-headed ogre
 10875 | D:10     | Received a gift from Okawaru
 10939 | D:10     | Received a gift from Okawaru
 11180 | D:11     | Noticed an ogre mage
 11180 | D:11     | Noticed a two-headed ogre
 11180 | D:11     | Noticed a two-headed ogre
 11180 | D:11     | Noticed a two-headed ogre
 11180 | D:11     | Noticed a two-headed ogre
 11180 | D:11     | Noticed a two-headed ogre
 11180 | D:11     | Noticed a two-headed ogre
 11394 | D:9      | Killed a two-headed ogre
 11835 | D:11     | Noticed a two-headed ogre
 11863 | D:11     | Killed a two-headed ogre
 11864 | D:11     | Killed a two-headed ogre
 12321 | D:11     | Killed a two-headed ogre
 12322 | D:11     | Reached XP level 12. HP: 88/101 MP: 15/15
 12325 | D:11     | Killed a two-headed ogre
 12539 | D:11     | Noticed Maurice
 12549 | D:11     | Killed Maurice
 12550 | D:11     | Reached skill level 15 in Axes
 12562 | D:11     | Found a staircase to the Orcish Mines.
 12719 | D:11     | Found a staircase to the Lair.
 12878 | D:11     | Noticed a two-headed ogre
 12884 | D:11     | Killed a two-headed ogre
 12991 | D:11     | Identified the +1 pair of boots of Impressiveness {-Tele
                  | rC+ rN+ Dex+2} (Okawaru gifted it to you on level 11 of the
                  | Dungeon)
 12991 | D:11     | Received a gift from Okawaru
 13167 | D:11     | Noticed Erolcha
 13179 | D:11     | Killed Erolcha
 13618 | D:10     | Killed a two-headed ogre
 13621 | D:10     | Killed an ogre mage
 13623 | D:10     | Killed a two-headed ogre
 13744 | D:12     | Found a hazy altar of Hepliaklqana.
 14021 | D:12     | Noticed Fannar
 14029 | D:12     | Killed Fannar
 14182 | D:12     | Noticed a boulder beetle
 14192 | D:12     | Killed a boulder beetle
 14193 | D:12     | Reached skill level 16 in Axes
 14377 | D:12     | Identified the +9 crystal plate armour of the Flute {Harm
                  | +Blink} (Okawaru gifted it to you on level 12 of the
                  | Dungeon)
 14377 | D:12     | Received a gift from Okawaru
 14696 | D:13     | Noticed a centaur warrior
 14703 | D:13     | Killed a centaur warrior
 14755 | D:13     | Noticed a catoblepas
 14775 | D:13     | Killed a catoblepas
 14776 | D:13     | Reached XP level 13. HP: 105/108 MP: 17/17
 15490 | D:14     | Received a gift from Okawaru
 15498 | D:14     | HP: 2/108 [+6 long sword (9)]
 15499 | D:14     | Slain by an efreet

Illustrated notes

Levels and vault maps discovered:
D:1:      evilmike_arrival_crescent, layout_basic
D:2:      layout_basic, dreamdust_ecumenical_altar_angels_and_demons,
          minmay_pentomino_pile, uniq_sigmund
D:3:      layout_rooms, lemuel_zombie_altar_kikubaaqudgha, demons_altar,
          portal_sewer_entry_f, minmay_misc_feat_encased
D:4:      layout_basic, mainiacjoe_overflow_surrounded_room,
          minmay_temple_entry_proselytizer
D:5:      minmay_skewed_foursquare, layout_basic, mainiacjoe_overflow_alcove_4,
          nicolae_overflow_hidden_temple, chequers_serial_rivers_micro_e
D:6:      layout_loops_ring, kennysheep_small_spiral
D:7:      layout_basic, mainiacjoe_overflow_concentric_impassable,
          evilmike_ruin_ashenzari, nicolae_elyvilon_temple_path
D:8:      minmay_razor_zed, layout_loops_ring, enter_bailey_3, grunt_tough_drop,
          uniq_psyche
D:9:      layout_cross, kennysheep_little_box, nicolae_dithmenos_the_darkroom,
          mainiacjoe_overflow_paths, serial_shops, shop, gammafunk_ghost_smash,
          minmay_door_square, minivault_14
D:10:     wander_kiku_kobolds, layout_loops_ring, lemuel_round_altar,
          mainiacjoe_overflow_six_doors_small, minmay_statue_bubble
D:11:     cheibrodos_orc_bank, layout_gridville, lair_entry_dummy, orc_0_dummy,
          serial_co_window_serial, co_window_of_opportunity_a,
          co_window_corner_a, co_window_of_opportunity_a, co_window_corner_a,
          co_window_corner_a, co_window_2corner, co_window_broadway_b,
          co_window_broadway_c, co_window_2corner, co_window_unsneaky_path_e,
          co_window_unsneaky_path_a, co_window_corner_b, glass_columns_c,
          glass_columns_a, glass_columns_a, kennysheep_generic_room_12,
          uniq_maurice, uniq_erolcha
D:12:     layout_small_grid, worldfamousw_hep_ancestral_shrine, uniq_fannar
D:13:     layout_long_grid
D:14:     layout_small_grid, erik_vaults_1
Temple:   nicolae_temple_figure_zero

Skill      XL: |  1  2  3  4  5  6  7  8  9 10 11 12 13 |
---------------+----------------------------------------+-----
Invocations    | 1 2 3 4 5 6 7 |  7.5
Dodging        | 1 2 3 4 5 6 7 |  7.9
Fighting       | 4 5 6 7 8 |  8.7
Axes           | 3 4 5 7 9 11 12 14 16 | 16.7
Armour         | 4 5 6 7 9 |  9.4
Stealth        | 1 2 3 4 5 6 |  6.7
Evocations     | 1 2 3 4 6 8 |  8.4
Shields        | 4 5 6 |  6.2

Action                   |  1- 3 |  4- 6 |  7- 9 | 10-12 | 13-15 || total
-------------------------+-------+-------+-------+-------+-------++-------
Melee: War axe           |    69 |    75 |   177 |   431 |    61 ||   813
       Headbutt          |    10 |     8 |    24 |    81 |    17 ||   140
Invok: Heroism           |       |       |     1 |     5 |       ||     6
       Finesse           |       |       |       |     1 |       ||     1
Evoke: Wand              |       |       |       |     4 |       ||     4
  Use: Scroll            |     1 |       |     4 |     8 |       ||    13
       Potion            |       |     4 |       |       |       ||     4
Armor: Scale mail        |    35 |    30 |    29 |       |       ||    94
       Chain mail        |       |       |    30 |     9 |       ||    39
       Plate armour      |       |       |       |    94 |       ||    94
       Crystal plate arm |       |       |       |    26 |    60 ||    86
Dodge: Dodged            |    44 |    29 |    95 |   208 |    46 ||   422
Block: Buckler           |    20 |    25 |    38 |   100 |    26 ||   209
